 Dungeon Crawl Stone Soup version 0.29.0-4-gdea44cf6ec (webtiles) character file.

Game seed: 16368735630165168323

175 qw the Chopper (level 5, 0/30 HPs)
             Began as a Tengu Warper on Aug 28, 2022.
             Engulfed by a steam dragon's steam (2 damage)
             ... on level 4 of the Dungeon.
             The game lasted 00:00:19 (3419 turns).

qw the Chopper (Tengu Warper)                       Turns: 3419, Time: 00:00:19

Health: 0/30       AC: 14    Str: 14    XL:     5   Next: 55%
Magic:  9/9        EV:  5    Int: 13    God:
Gold:   104        SH:  0    Dex: 13    Spells: 8/8 levels left

rFire   . . .      SeeInvis +   Y - +0 war axe
rCold   . . .      Faith    .   (no shield)
rNeg    . . .      Spirit   .   c - +0 plate armour
rPois   .          Reflect  .   (helmet restricted)
rElec   .          Harm     .   (no cloak)
rCorr   .          Rampage  .   j - +2 pair of gloves
Will    .....                   (boots unavailable)
Stlth   ..........              (no amulet)
HPRegen 0.10/turn               e - ring of see invisible
MPRegen 0.11/turn               (no ring)

@: flying quickly and evasively, quick
A: beak, talons 3, nimble flight
a: no special abilities


You were on level 4 of the Dungeon.
You visited 1 branch of the dungeon, and saw 4 of its levels.

You collected 104 gold pieces.


Innate Abilities, Weirdness & Mutations

You have a beak for a mouth.
You have claws for feet.
Your magical nature lets you fly swiftly and evasively.


   Skills:
 - Level 2.0 Fighting
 + Level 5.3 Axes
 - Level 1.0 Throwing
 - Level 3.1 Armour
 - Level 2.1 Dodging
 - Level 2.0 Spellcasting
 - Level 2.4 Translocations


You had 8 spell levels left.
You didn't know any spells.
Your spell library contained the following spells:

 Spells                   Type           Power      Damage    Failure   Level
 Blink                    Tloc           14%        N/A       100%        2
 Gell's Gravitas          Tloc           7%         N/A       100%        3
 Lesser Beckoning         Tloc           7%         N/A       100%        3
 Teleport Other           Tloc           7%         N/A       100%        3
 Manifold Assault         Tloc           7%         N/A       100%        5

Inventory:

Hand Weapons
 f - a +0 mace
 Y - a +0 war axe (weapon)
Armour
 c - a +0 plate armour (worn)
 j - a +2 pair of gloves (worn)
Jewellery
 e - a ring of see invisible (left hand)
Scrolls
 h - a scroll of identify
Potions
 a - a potion of cancellation
 b - a potion of might {unknown}
 g - a potion of lignification {unknown}
 k - a potion of berserk rage {unknown}
 l - 3 potions of degeneration {unknown}
 m - a potion of heal wounds {unknown}
 o - a potion of ambrosia {unknown}
 q - 2 potions of curing {unknown}

Dungeon Overview and Level Annotations

Branches:
Dungeon (4/15)
 Temple: D:4-7

Altars:
Ashenzari
Dithmenos
Makhleb
Qazlal

Annotations:
D:1 2 transporters


Message History

A steam dragon comes into view.
The steam dragon hisses angrily.
Enter note: You hit the steam dragon but do no damage.
You peck the steam dragon, but do no damage.
The steam dragon bites you but does no damage.
The steam dragon claws you but does no damage.
You slash the steam dragon!
The steam dragon is moderately wounded.
The steam dragon bites you but does no damage.
The steam dragon claws you but does no damage.
You hit the steam dragon but do no damage.
Your kick misses the steam dragon. Your peck misses the steam dragon.
The steam dragon is moderately wounded.
The steam dragon bites you but does no damage.
The steam dragon claws you but does no damage.
The steam dragon bites you. The steam dragon completely misses you.
You barely miss the steam dragon. Your kick misses the steam dragon.
Your peck misses the steam dragon.
The steam dragon is moderately wounded.
The steam dragon bites you but does no damage.
The steam dragon claws you.
You barely miss the steam dragon. Your kick misses the steam dragon.
The steam dragon is moderately wounded.
The steam dragon barely misses you. The steam dragon claws you.
You hit the steam dragon but do no damage.
You claw the steam dragon.
You peck the steam dragon, but do no damage.
The steam dragon is moderately wounded.
The steam dragon bites you.
The steam dragon claws you but does no damage.
You barely miss the steam dragon. Your peck misses the steam dragon.
The steam dragon is moderately wounded.
The steam dragon breathes steam at you. The ball of steam hits you!
The steam dragon bites you!
The steam dragon claws you but does no damage.
You hit the steam dragon but do no damage.
The steam dragon is moderately wounded.
You are engulfed in a cloud of scalding steam.
You die...

#...................
#.##########..#.##.#
#..............#.#.#
#..##########.#.#..
#..# ..#.### #..#
.###.. #..# .. ###
#..##### .# #¤¤@D..#
.# ##.##...# #..
..... ### .### #


You could see a steam dragon (catching breath).

Vanquished Creatures
  A scorpion (D:4)
  An orc wizard (D:3)
  2 adders
  2 worms (D:2)
  A dart slug (D:2)
  11 orcs
  3 ball pythons
  3 endoplasms
  2 giant cockroaches
  3 goblins
  6 hobgoblins
  2 quokkas (D:2)
  5 bats
  4 frilled lizards
  7 kobolds
  4 rats
57 creatures vanquished.

Notes
Turn   | Place    | Note
-------+----------+-------------------------------------------
     0 | D:1      | qw the Tengu Warper began the quest for the Orb.
     0 | D:1      | Reached XP level 1. HP: 12/12 MP: 4/4
     0 | D:1      | 0 ||| qw: Version: 0.1-a-89-g26bdef1
     0 | D:1      | 0 ||| qw: Game counter: 795
     0 | D:1      | 0 ||| qw: Always use a shield: true
     0 | D:1      | 0 ||| qw: God list: Okawaru
     0 | D:1      | 0 ||| qw: Allow faded altars: false
     0 | D:1      | 0 ||| qw: Do Orc after D:15 true
     0 | D:1      | 0 ||| qw: Do second Lair branch before Depths: true
     0 | D:1      | 0 ||| qw: Lair rune preference: random
     0 | D:1      | 0 ||| qw: Plans: Normal
     0 | D:1      | 0 ||| PLANNING D:1-11
   438 | D:1      | 438 ||| Stepping ~*~*~tactically~*~*~ (stealth).
   440 | D:1      | 440 ||| Stepping ~*~*~tactically~*~*~ (stealth).
   442 | D:1      | 442 ||| Stepping ~*~*~tactically~*~*~ (stealth).
   444 | D:1      | 444 ||| Stepping ~*~*~tactically~*~*~ (stealth).
   691 | D:1      | Reached skill level 3 in Axes
   691 | D:1      | Reached XP level 2. HP: 16/17 MP: 6/6
   875 | D:1      | 875 ||| UPGRADING to +0 chain mail.
   885 | D:1      | 885 ||| DROPPING +0 leather armour.
   886 | D:1      | 886 ||| READING 2 scrolls labelled UQEOPE MIHID.
   891 | D:1      | 891 ||| READING 3 scrolls labelled FEENAIH IPSU.
   892 | D:1      | 892 ||| READING scroll labelled ROFOGU OHIM.
  1018 | D:1      | 1018 ||| READING 2 scrolls labelled BASMOW QEBROGY.
  1019 | D:1      | 1019 ||| READING 2 scrolls of identify.
  1019 | D:1      | 1019 ||| IDENTIFYING bubbling amethyst potion
  1020 | D:1      | 1020 ||| DROPPING scroll of blinking.
  1021 | D:1      | 1021 ||| DROPPING potion of invisibility.
  1022 | D:1      | 1022 ||| DROPPING scroll of immolation.
  1046 | D:2      | 1046 ||| STAIRDANCE
  1059 | D:2      | 1059 ||| STAIRDANCE
  1066 | D:2      | 1066 ||| STAIRDANCE
  1071 | D:1      | HP: 3/17 [adder (2)]
  1072 | D:1      | 1072 ||| READING scroll of teleportation.
  1074 | D:1      | HP: 1/17 [adder (2)]
  1428 | D:2      | 1428 ||| STAIRDANCE
  1522 | D:2      | 1522 ||| Stepping ~*~*~tactically~*~*~ (stealth).
  1530 | D:2      | Reached XP level 3. HP: 21/21 MP: 7/7
  1537 | D:2      | 1537 ||| Stepping ~*~*~tactically~*~*~ (stealth).
  1651 | D:2      | 1651 ||| Stepping ~*~*~tactically~*~*~ (stealth).
  1657 | D:2      | Reached skill level 4 in Axes
  1689 | D:2      | 1689 ||| Stepping ~*~*~tactically~*~*~ (stealth).
  1696 | D:2      | 1696 ||| Stepping ~*~*~tactically~*~*~ (stealth).
  1915 | D:2      | Found a faded altar of an unknown god.
  2219 | D:2      | 2219 ||| UPGRADING to +1 pair of gloves.
  2224 | D:2      | 2224 ||| UPGRADING to ring of see invisible.
  2225 | D:2      | 2225 ||| READING scroll labelled KIR PODUBBEPS.
  2226 | D:2      | 2226 ||| READING 2 scrolls labelled HUMERI DIYPN.
  2227 | D:2      | 2227 ||| READING 2 scrolls of identify.
  2227 | D:2      | 2227 ||| IDENTIFYING bubbling dark potion
  2228 | D:2      | 2228 ||| DROPPING scroll of vulnerability.
  2347 | D:3      | Reached XP level 4. HP: 20/26 MP: 8/8
  2496 | D:3      | Found a burning altar of Makhleb.
  2496 | D:3      | Found a stormy altar of Qazlal.
  2497 | D:3      | Found a shadowy altar of Dithmenos.
  2501 | D:3      | Found a broken altar of Ashenzari.
  2579 | D:3      | HP: 5/26 [orc wizard/puff of flame (5)]
  2582 | D:3      | Reached skill level 5 in Axes
  2846 | D:3      | 2846 ||| SWAPPING to +0 war axe.
  2847 | D:3      | 2847 ||| DROPPING +0 hand axe.
  3114 | D:3      | 3114 ||| UPGRADING to +0 plate armour.
  3124 | D:3      | 3124 ||| DROPPING +0 chain mail.
  3125 | D:3      | 3125 ||| UPGRADING to +2 pair of gloves.
  3135 | D:3      | 3135 ||| DROPPING +1 pair of gloves.
  3136 | D:3      | 3136 ||| READING scroll labelled JOAMIN QUE.
  3137 | D:3      | 3137 ||| READING 2 scrolls of identify.
  3137 | D:3      | 3137 ||| IDENTIFYING smoky pink potion
  3138 | D:3      | 3138 ||| DROPPING potion of magic.
  3146 | D:4      | Noticed a scorpion
  3156 | D:4      | Killed a scorpion
  3157 | D:4      | Reached skill level 3 in Armour
  3157 | D:4      | Gained mutation: Your magical nature lets you fly swiftly
                  | and evasively. [Tengu growth]
  3157 | D:4      | Reached XP level 5. HP: 27/30 MP: 9/9
  3157 | D:4      | 3157 ||| STAIRDANCE
  3210 | D:4      | 3210 ||| Stepping ~*~*~tactically~*~*~ (stealth).
  3212 | D:4      | 3212 ||| Stepping ~*~*~tactically~*~*~ (stealth).
  3410 | D:4      | Noticed a steam dragon
  3418 | D:4      | HP: 2/30 [steam dragon (8)]
  3419 | D:4      | Engulfed by a steam dragon's steam

Levels and vault maps discovered:
D:1:      spicycebolla_arrival_transporter_tutorial, layout_basic, st_stairs_14,
          nrook_mini_vaults
D:2:      layout_rooms, ebering_ecumenical_altar_abandoned
D:3:      layout_basic, minitemple
D:4:      layout_loops_ring, serial_shops, nicolae_shop_window_shopping,
          serial_glass, glass_columns_a, glass_columns_c, st_stairs_2

Skill      XL: |  1  2  3  4 |
---------------+-------------+-----
Axes           | 3 4 5 |  5.3
Armour         | 3 |  3.1
Fighting       | |  2.0
Throwing       | |  1.0
Dodging        | |  2.1
Spellcasting   | |  2.0
Translocations | |  2.4

Action                   |  1- 3 |  4- 6 || total
-------------------------+-------+-------++-------
Melee: Hand axe          |   106 |    20 ||   126
       Kick              |    17 |    14 ||    31
       Peck              |    17 |     8 ||    25
       War axe           |       |    39 ||    39
Throw: Boomerang         |     7 |       ||     7
  Use: Scroll            |     9 |     2 ||    11
Armor: Chain mail        |    56 |    29 ||    85
       Plate armour      |       |    23 ||    23
Dodge: Dodged            |    36 |    24 ||    60

Table legend:
 A = Non-vault XP
 B = Vault XP
 C = Vault XP percentage of total XP
 D = Non-vault monster count
 E = Vault monster count
 F = Vault count percentage of total count
                 A         B        C        D         E       F
            +---------+---------+-------+---------+---------+-------
      Total |     165 |      85 |  34.0 |      54 |       3 |   5.3
            +---------+---------+-------+---------+---------+-------
        D:1 |      27 |       2 |   6.9 |      11 |       1 |   8.3
        D:2 |      45 |       0 |   0.0 |      23 |       0 |   0.0
        D:3 |      86 |       0 |   0.0 |      16 |       0 |   0.0
        D:4 |       7 |      83 |  92.2 |       4 |       2 |  33.3
            +---------+---------+-------+---------+---------+-------
